 Dungeon Crawl Stone Soup version 0.17-a0-1954-g0dddeaa (webtiles) character file.

5583 kosy22 the Blocker (level 10, -6/64 HPs)
             Began as a Gargoyle Fighter on Oct 3, 2015.
             Mangled by HungrySpirit's ghost (22 damage)
             ... on level 9 of the Dungeon.
             The game lasted 00:30:47 (9172 turns).

kosy22 the Blocker (Gargoyle Fighter)               Turns: 9172, Time: 00:30:47

Health: -6/64      AC: 22    Str: 23    XL:     10   Next: 72%
Magic:  19/19      EV:  7    Int:  9    God:
Gold:   480        SH: 15    Dex: 11    Spells: 0 memorised, 9 levels left

rFire  . . .     SeeInvis .     j - +5 flail (crush)
rCold  . . .     Clarity  .     g - +0 plate armour
rNeg   + . .     SustAt   .     P - +3 shield
rPois  ∞         Gourm    .     n - +1 helmet
rElec  +         Spirit   .     (no cloak)
rCorr  .         Warding  .     (no gloves)
rMut   .         Stasis   .     (no boots)
MR     .....                    w - amulet of regeneration
Stlth  ..........               x - ring of magical power
                                i - +2 ring of dexterity

@: not resistant to hostile enchantments, extremely unstealthy
A: negative energy resistance 1, sense surroundings 1, electricity resistance,
unbreathing, petrification resistance, rot immunity, AC +7
a: no special abilities


You were on level 9 of the Dungeon.
You were not hungry.

You visited 2 branches of the dungeon, and saw 10 of its levels.

You collected 540 gold pieces.
You spent 60 gold pieces at shops.

Inventory:

Hand weapons
 a - a +0 war axe
 j - a +5 flail of crushing (weapon)
 s - a +0 halberd
 D - a +0 shortbow of flaming
Missiles
 E - 42 arrows
 H - 45 bolts
 Q - 10 tomahawks (quivered)
Armour
 b - a +0 scale mail
 c - a +0 shield
 g - a +0 plate armour (worn)
 n - a +1 helmet (worn)
 v - a +1 leather armour of poison resistance
 P - a +3 shield (worn)
Jewellery
 h - an uncursed amulet of clarity
 i - a +2 ring of dexterity (left hand)
 w - an amulet of regeneration (around neck)
 x - a ring of magical power (right hand)
 R - an uncursed ring of fire
Magical devices
 m - a wand of paralysis (6)
 o - a wand of lightning (8)
 B - a wand of random effects (21)
 C - a wand of frost (17)
 F - a wand of cold (7)
 U - a wand of lightning (6)
Scrolls
 p - 3 scrolls of identify
 A - 2 scrolls of teleportation
 J - a scroll of blinking
 L - 3 scrolls of remove curse
 O - a scroll of fog
Potions
 d - a potion of might
 e - a potion of haste
 k - 3 potions of curing
 u - a potion of berserk rage
 G - 2 potions of brilliance
Books
 I - a book of Spatial Translocations

   Spells                             Type                      Level
   a - Apportation                    Translocation                1
   b - Blink                          Translocation                2
   c - Shroud of Golubria             Charms/Translocation         2
   d - Portal Projectile              Translocation                3
   e - Teleport Other                 Translocation                3
   f - Passage of Golubria            Translocation                4
 N - a book of Ice

   Spells                             Type                      Level
   a - Ice Form                       Ice/Transmutation            4
   b - Metabolic Englaciation         Hexes/Ice                    5
   c - Ozocubu's Refrigeration        Ice                          6
   d - Bolt of Cold                   Conjuration/Ice              6
   e - Freezing Cloud                 Conjuration/Ice/Air          6
   f - Simulacrum                     Ice/Necromancy               6
Comestibles
 f - a slice of pizza
 l - a royal jelly
 q - a beef jerky
 r - 3 meat rations
 t - 2 fruits
 z - 6 bread rations


   Skills:
 + Level 7.8 Fighting
 + Level 4.6(5.8) Axes
 + Level 5.9(6.8) Maces & Flails
 + Level 0.8 Throwing
 + Level 8.0 Armour
 + Level 4.4 Dodging
 + Level 1.7 Stealth
 + Level 9.5 Shields


You had 9 spell levels left.
You didn't know any spells.

Dungeon Overview and Level Annotations

Branches:
Dungeon (9/15)             Temple (1/1) D:7            Lair (0/8) D:8
    Orc: D:9-12

Altars:
Ashenzari
Cheibriados
Dithmenos
Elyvilon
Fedhas
Gozag
Kikubaaqudgha
Makhleb
Nemelex Xobeh
Okawaru
Qazlal
Ru
Sif Muna
Vehumet
Xom
Yredelemnul
Zin
The Shining One
Beogh

Shops:
D:4 %

Annotations:
D:9 HungrySpirit's ghost, powerful OgAM


Innate Abilities, Weirdness & Mutations

You are resistant to torment.
Your stone body is resilient (AC +7).
You are immune to poison.
You resist negative energy.
You are resistant to electric shocks.
You can survive without breathing.
You are immune to petrification.
You are immune to rotting.
You passively map a small area around you.


Message History

You barely miss HungrySpirit's ghost.
HungrySpirit's ghost is moderately damaged.
You block HungrySpirit's ghost's attack.
You closely miss HungrySpirit's ghost.
HungrySpirit's ghost is moderately damaged.
You block HungrySpirit's ghost's attack.
You hit HungrySpirit's ghost.
HungrySpirit's ghost is heavily damaged.
HungrySpirit's ghost barely misses you.
You hit HungrySpirit's ghost.
HungrySpirit's ghost is heavily damaged.
HungrySpirit's ghost hits you!!
* * * LOW HITPOINT WARNING * * *
You sock HungrySpirit's ghost!
HungrySpirit's ghost is severely damaged.
You block HungrySpirit's ghost's attack.
You thump HungrySpirit's ghost!
HungrySpirit's ghost is severely damaged.
HungrySpirit's ghost hits you!!
You die...

...............,,,,,,,,,,,,,,*
......##..##..#......,,,,,,,,*
....................#**,,***,*
##'##........#*#...$# *,,* *,*
#.>.#........#,#....# *,,* *,*
###'#....####*,#....# *,,* *,*
#...#.#..#,,,,,#....###.,* *,*
....#....#,,*#.#........,* *,*
#...#....#,,*#.#@.......,* *,*
#####<...#.,*#.#W#......,* *,*
#####.#..#'###'#.........# *,*
....#....................# *,*
#########.##....†........# *,*
#####*,.#........###.....# *,*
....#*,.#........# #.....# *,*
##'###..#.##.....# #....(# *,*
.....#.##........# #.....###,*


You could see HungrySpirit's ghost.

Vanquished Creatures
  Pikel (D:5)
  A troll (D:9)
  A merfolk (D:9)
  2 yaks (D:8)
  Sigmund (D:4)
  Eustachio (D:4)
  2 hippogriffs (D:9)
  Edmund (D:6)
  A black bear (D:7)
  2 orc warriors
  2 ice beasts
  4 slaves (D:5)
  3 sky beasts
  A phantom (D:9)
  5 ogres
  4 centaurs
  A crocodile (D:8)
  A giant frog (D:8)
  A big kobold (D:8)
  A gnoll sergeant (D:7)
  2 scorpions
  4 wights (D:6)
  4 killer bees (D:8)
  A water moccasin skeleton (D:5)
  An iron imp (D:7)
  3 crimson imps
  A giant frog zombie (D:8)
  A giant frog skeleton (D:4)
  4 orc priests
  A hound (D:8)
  A centaur skeleton (D:7)
  5 iguanas
  7 orc wizards
  2 worker ants
  Natasha (thrice) (D:4)
  A hound zombie (D:5)
  A hound skeleton (D:9)
  Robin (D:4)
  6 gnolls
  9 adders
  2 shadow imps
  An adder zombie (D:7)
  An adder skeleton (D:8)
  A worm (D:3)
  28 orcs
  4 bats
  6 giant cockroaches
  12 hobgoblins
  8 kobolds
  3 quokkas
  2 ball pythons (D:1)
  6 giant geckos
  3 giant newts
  17 goblins
  A jackal zombie (D:8)
  A quokka zombie (D:6)
  6 rats
196 creatures vanquished.

Vanquished Creatures (others)
  A hungry ghost (D:8)
  A sky beast (D:7)
  A black bear (D:7)
  An orc warrior (D:8)
  A crocodile (D:8)
  An orc wizard (D:4)
  An adder zombie (D:6)
  A quokka (D:8)
8 creatures vanquished.

Grand Total: 204 creatures vanquished

Notes
Turn   | Place    | Note
--------------------------------------------------------------
     0 | D:1      | kosy22 the Gargoyle Fighter began the quest for the Orb.
     0 | D:1      | Reached XP level 1. HP: 14/14 MP: 1/1
   100 | D:1      | Reached XP level 2. HP: 17/19 MP: 2/2
   778 | D:2      | Reached skill level 4 in Shields
   778 | D:2      | Reached XP level 3. HP: 23/23 MP: 3/3
  1075 | D:2      | Reached skill level 1 in Dodging
  1577 | D:3      | Reached XP level 4. HP: 25/29 MP: 4/4
  2007 | D:3      | Found a roughly hewn altar of Beogh.
  2013 | D:3      | Reached XP level 5. HP: 27/33 MP: 5/5
  2314 | D:3      | Reached XP level 6. HP: 35/38 MP: 6/6
  2596 | D:3      | You fall through a shaft for 3 floors!
  2689 | D:6      | Noticed Edmund
  2716 | D:6      | Killed Edmund
  2766 | D:6      | Reached skill level 1 in Stealth
  2766 | D:6      | Reached skill level 5 in Shields
  2766 | D:6      | Reached XP level 7. HP: 10/44 MP: 7/7
  3056 | D:5      | Entered Level 5 of the Dungeon
  3059 | D:5      | Noticed Pikel
  3078 | D:5      | HP: 2/44 [something (3)]
  3100 | D:5      | Killed Pikel
  3100 | D:5      | Reached skill level 5 in Fighting
  3100 | D:5      | Reached skill level 5 in Armour
  3100 | D:5      | Reached XP level 8. HP: 11/50 MP: 8/8
  3110 | D:5      | Gained mutation: You passively map a small area around you. [mutagenic meat]
  3149 | D:5      | Gained mutation: Your skin changes colour to match your surroundings (Stealth). [potion of mutation]
  3149 | D:5      | Gained mutation: Scrolls take you a little longer to read. [potion of mutation]
  3149 | D:5      | Gained mutation: You are resistant to hostile enchantments. [potion of mutation]
  3725 | D:4      | Noticed Robin
  3749 | D:4      | Killed Robin
  3819 | D:4      | Noticed Sigmund
  3831 | D:4      | Reached skill level 6 in Shields
  3884 | D:4      | Killed Sigmund
  3926 | D:4      | Reached skill level 1 in Maces & Flails
  3962 | D:4      | Found Ygass's Food Shop.
  3964 | D:4      | Noticed Eustachio
  4018 | D:4      | Bought a meat ration for 60 gold pieces
  4027 | D:4      | Noticed Natasha
  4068 | D:4      | Reached XP level 9. HP: 18/55 MP: 9/9
  4149 | D:4      | Killed Natasha
  4149 | D:4      | Reached skill level 7 in Shields
  4287 | D:4      | Killed Eustachio
  4437 | D:4      | Noticed Natasha
  4439 | D:4      | Found a sacrificial altar of Ru.
  4450 | D:4      | Killed Natasha
  4636 | D:4      | Noticed Natasha
  4671 | D:4      | Killed Natasha
  5331 | D:6      | Found a shimmering altar of Xom.
  5739 | D:7      | Found a burning altar of Makhleb.
  5915 | D:7      | Found a glowing silver altar of Zin.
  5964 | D:7      | Found a staircase to the Ecumenical Temple.
  5969 | Temple   | Entered the Ecumenical Temple
  6165 | D:7      | Reached skill level 8 in Shields
  7072 | D:8      | Reached XP level 10. HP: 61/63 MP: 10/10
  7143 | D:8      | Found a white marble altar of Elyvilon.
  7318 | D:8      | Reached skill level 5 in Maces & Flails
  7342 | D:8      | Found a staircase to the Lair.
  7356 | D:8      | Reached skill level 9 in Shields
  7459 | D:8      | Gained mutation: You have sharp toenails. [potion of beneficial mutation]
  8361 | D:9      | Found a shattered altar of Ashenzari.
  8483 | D:9      | Lost mutation: You are resistant to hostile enchantments. [potion of cure mutation]
  8483 | D:9      | Lost mutation: Scrolls take you a little longer to read. [potion of cure mutation]
  8483 | D:9      | Lost mutation: Your skin changes colour to match your surroundings (Stealth). [potion of cure mutation]
  8483 | D:9      | Lost mutation: You have sharp toenails. [potion of cure mutation]
  8920 | D:9      | Found a glowing golden altar of the Shining One.
  9152 | D:9      | Noticed HungrySpirit's ghost (powerful OgAM)
  9172 | D:9      | Mangled by HungrySpirit's ghost

Vault maps used:
D:1:      saegor_arrival_simple_f
D:3:      first_bread, kennysheep_orc_chapel
D:4:      lemuel_round_altar, serial_shops, nicolae_shop_waterfront,
          minivault_23, uniq_natasha, uniq_sigmund, uniq_eustachio, uniq_robin
D:5:      uniq_pikel
D:6:      kennysheep_mini, uniq_edmund
D:7:      black_bear_nest_1, kennysheep_mini_moat, demons_altar, temple_doors_e
D:8:      nicolae_overflow_hidden_temple, elyvilon_altar_4, dpeg_lair_monsters
D:9:      nicolae_overflow_crystal_walls, hangedman_fish_farm,
          nicolae_tso_carved_into_rock
Temple:   circular_temple_12

Action                   |  1- 3 |  4- 6 |  7- 9 | 10-12 || total
-------------------------+-------+-------+-------+-------++-------
Melee: War axe           |   102 |   138 |    98 |       ||   338
       Flail             |       |       |   275 |   171 ||   446
Throw: Stone             |       |       |     1 |       ||     1
       Tomahawk          |       |       |       |     7 ||     7
  Use: Scroll            |     4 |       |    11 |     6 ||    21
       Potion            |       |     3 |     8 |     9 ||    20
  Eat: Bread ration      |     1 |     1 |     1 |       ||     3
       Fruit             |       |     2 |     3 |     4 ||     9
       Chunk             |       |       |     1 |       ||     1
       Royal jelly       |       |       |     1 |     2 ||     3
       Pizza             |       |       |     1 |     1 ||     2
       Beef jerky        |       |       |     1 |       ||     1
